Map: Mist Opportunities

Players

Wookaka

  • Race: Zerg Zerg
  • Spawn Location: 5:00

NamroodTuo

  • Race: Terran Terran
  • Spawn Location: 6:00

VOD

Have the link to the VOD?

Description

Time

  • Played on: Jan. 26, 2023, 10:12 a.m.
  • Length: 30:05
Show
View Real Time Build Order
Export as new Build Order

Wookaka Zerg 

Build Orders:  

Get SALT Encoding   

  12  0:03  Drone  
  13  0:13  Drone  
  14  0:36  Overlord  
  14  0:41  Extractor  
  14  0:42  Drone  
  14  0:45  Overlord  
  14  1:15  Drone  
  14  1:16  Drone x3  
  18  1:20  Drone x2  
  20  1:35  Drone x2  
  22  1:57  Drone x2  
  24  2:01  Extractor  
  24  2:06  Roach Warren  
  24  2:07  Drone  
  23  2:14  Drone  
  24  2:20  Drone  
  24  2:27  Drone  
  26  2:58  Evolution Chamber  
  25  3:02  Evolution Chamber  
  25  3:07  Roach  
  25  3:08  Roach x2  
  30  3:11  Overlord  
  30  4:10  Drone x3  
  30  4:11  Drone  
  30  4:12  Lair  
  30  4:14  Glial Reconstitution  
  30  4:15  Roach  
  30  4:16  Roach  
  38  4:25  Overlord x2  
  38  4:55  Spine Crawler  
  37  5:11  Spine Crawler  
  36  5:34  Bio-Mechanical Transfusion, Incubation Chamber  
  36  5:35  Roach  
  36  5:37  Roach x3  
  36  5:38  Roach  
  36  5:39  Overlord  
  44  5:57  Brutalisk  
  44  6:35  Bloated Bile Ducts  
  44  6:42  Infestation Pit  
  43  6:51  Overlord x2  
  43  6:53  Drone x2  
  43  6:55  Zerg Ground Armor Level 1  
  43  6:56  Zerg Missile Weapons Level 1  
  43  6:58  Drone  
  46  7:01  Overseer x2  
  46  7:31  Queen  
  46  7:40  Unknown  
  46  7:41  Roach x4  
  46  7:48  Roach  
  46  7:49  Roach x2  
  54  7:51  Roach  
  56  8:06  Queen x2, Ravager  
  56  8:07  Ravager x2  
  56  8:09  Ravager  
  60  8:24  Roach  
  64  8:46  Brutalisk  
  64  9:06  Roach  
  64  9:28  Brutalisk  
  64  10:30  Extractor  
  64  10:35  Extractor  
  64  10:37  Hatchery  
  61  10:56  Drone x3  
  61  10:59  Drone x3  
  67  11:03  Zerg Ground Armor Level 2  
  67  11:04  Zerg Missile Weapons Level 2  
  67  11:07  Drone x2  
  67  11:09  Hive  
  69  11:26  Roach  
  69  11:27  Roach x3  
  77  11:56  Roach x2  
  77  11:57  Roach x3  
  77  11:59  Roach  
  77  12:14  Ravager x2  
  77  12:15  Ravager x3  
  77  12:17  Ravager  
  83  14:19  Potent Bile  
  83  14:22  Zerg Missile Weapons Level 3  
  83  14:29  Spire, Drone x2  
  84  14:32  Spire  
  83  15:12  Overlord  
  83  15:13  Overlord x8  
  83  16:26  Mutalisk  
  83  16:27  Mutalisk x2  
  89  16:52  Mutalisk  
  89  17:20  Leviathan  
  89  17:28  Greater Spire  
  89  17:39  Mutalisk  
  89  18:07  Leviathan  
  89  18:40  Rapid Regeneration  
  89  18:44  Zerg Ground Armor Level 3  
  89  18:50  Drone x3  
  89  18:51  Drone x2  
  89  18:52  Drone  
  95  19:28  Mutalisk  
  95  19:56  Leviathan  
  95  20:53  Prolonged Dispersion  
  95  20:56  Zerg Flyer Weapons Level 1  
  95  20:58  Mutalisk  
  95  20:59  Mutalisk x8  
  113  21:04  Mutalisk  
  113  21:05  Mutalisk x8  
  131  21:42  Mutalisk  
  131  21:43  Mutalisk x5  
  131  21:44  Mutalisk x2  
  131  21:45  Mutalisk  
  131  21:46  Mutalisk x2  
  131  21:47  Mutalisk x4  
  131  21:48  Mutalisk  
  131  21:49  Mutalisk x2  
  131  22:04  Devourer  
  131  22:05  Devourer x4  
  131  22:06  Devourer  
  131  22:07  Guardian, Devourer x2  
  131  22:08  Guardian x5  
  131  22:09  Guardian x2  
  131  22:10  Guardian  
  131  22:11  Guardian  
Show
View Real Time Build Order
Export as new Build Order

NamroodTuo Terran 

Build Orders:  

Get SALT Encoding   

  12  0:03  SCV  
  13  0:17  SCV  
  14  0:35  Factory  
  14  0:41  SCV  
  14  0:48  Supply Depot  
  15  1:11  SCV  
  16  1:24  SCV  
  16  1:28  Armory  
  17  1:38  SCV  
  18  1:51  SCV  
  19  2:05  Refinery  
  19  2:09  SCV, Refinery  
  20  2:23  SCV  
  21  2:37  SCV  
  22  2:40  Perdition Turret  
  22  2:50  Devastation Turret  
  22  3:05  Perdition Turret  
  22  3:26  Devastation Turret  
  22  3:41  Devastation Turret  
  22  3:46  Factory Tech Reactor  
  22  4:12  Factory  
  22  4:49  Supply Depot  
  22  4:53  Supply Depot  
  22  4:55  Supply Depot  
  22  4:56  Factory Tech Reactor  
  22  5:04  SCV  
  23  5:18  SCV  
  24  5:22  Supply Depot  
  24  5:32  SCV  
  25  5:45  SCV  
  26  6:00  Perdition Turret  
  26  6:13  SCV  
  27  6:24  Devastation Turret  
  27  6:26  Upgrade Laser Drill Level 1  
  27  6:36  SCV  
  28  6:49  SCV  
  28  6:52  Devastation Turret  
  28  6:56  Engineering Bay  
  29  7:03  SCV  
  29  7:05  Regenerative Bio-Steel  
  30  7:16  SCV  
  31  7:30  SCV  
  31  7:35  Perdition Turret  
  32  7:50  Devastation Turret  
  32  7:58  Fire-Suppression Systems  
  32  8:16  Spinning Dizzy  
  32  8:27  Thor  
  38  8:31  Spinning Dizzy  
  38  8:49  Thor  
  44  9:30  Thor  
  50  9:49  Advanced Optics  
  50  9:53  330mm Barrage Cannon  
  50  10:08  KMC Auto-Loaders  
  50  11:01  SCV  
  51  11:10  Supply Depot  
  51  11:14  Supply Depot  
  51  11:15  SCV  
  52  11:28  SCV  
  52  11:29  Thor  
  59  11:38  Hi-Sec Auto Tracking  
  59  11:49  Terran Vehicle and Ship Weapons Level 1  
  59  12:17  Command Center  
  59  12:34  Supply Depot  
  59  12:35  Supply Depot  
  59  12:36  Supply Depot  
  59  12:57  Supply Depot  
  59  13:07  Supply Depot  
  59  13:26  Structure Armor  
  59  13:27  Starport  
  59  13:31  Supply Depot  
  59  13:44  Thor  
  65  14:29  Terran Vehicle And Ship Armor Level 1  
  65  14:35  Starport Tech Reactor  
  65  14:39  Thor  
  71  14:40  Thor  
  77  15:07  Science Vessel  
  79  15:15  SCV  
  80  15:22  Refinery  
  80  15:28  SCV  
  81  15:38  Refinery  
  81  15:42  SCV  
  82  15:55  SCV  
  83  16:09  SCV  
  84  16:17  Science Vessel x2  
  88  16:41  SCV  
  88  16:49  Supply Depot  
  89  16:54  SCV  
  90  17:08  SCV  
  91  17:20  Supply Depot  
  91  17:21  SCV  
  92  17:35  SCV  
  93  17:53  Supply Depot  
  93  18:15  Thor x2  
  93  18:16  Thor x2  
  117  18:26  Supply Depot  
  117  18:40  Terran Vehicle And Ship Armor Level 2  
  117  18:58  Supply Depot  
  117  19:13  Upgrade Laser Drill Level 2  
  117  19:29  Supply Depot  
  117  20:27  Thor x2  
  129  20:30  Thor  
  132  21:50  Terran Vehicle and Ship Weapons Level 2  
  135  24:21  Thor  
  135  24:22  Thor x3  
  159  24:59  Terran Vehicle And Ship Armor Level 3  
  153  25:09  Thor x2  
  159  25:10  Thor x2  
  177  26:31  Thor  
  177  26:40  Supply Depot  
  177  26:55  Supply Depot  
  183  27:17  Supply Depot  
Tags
 
Add a new tag
Caveats
  • Supply blocks, unpowered buildings, or Contaminate may cause inaccurate times.
  • Supply counts are checked every 10 seconds.